 Dungeon Crawl Stone Soup version 0.29-a0-575-g0dc89cf053 (webtiles) character file.

Game seed: 10991634127748988645

206 DocClef the Covert (level 5, 0/47 HPs)
             Began as a Gnoll Delver on June 12, 2022.
             Was an Initiate of Okawaru.
             Slain by an orc wizard
             ... wielding a +0 rapier
              (3 damage)
             ... in the Ecumenical Temple.
             The game lasted 00:01:15 (1075 turns).

DocClef the Covert (Gnoll Delver)                   Turns: 1075, Time: 00:01:16

Health: 0/47       AC:  3    Str: 12    XL:     5   Next: 84%
Magic:  7/7        EV: 13    Int:  9    God:    Okawaru [......]
Gold:   0          SH:  0    Dex: 15    Spells: 7/7 levels left

rFire   . . .      SeeInvis .   a - +0 short sword
rCold   . . .      Faith    .   (no shield)
rNeg    . . .      Spirit   .   b - +0 leather armour
rPois   .          Reflect  .   (no helmet)
rElec   .          Harm     .   (no cloak)
rCorr   .          Rampage  .   (no gloves)
Will    .....                   (no boots)
Stlth   ++++......              (no amulet)
HPRegen 0.15/turn               (no ring)
MPRegen 0.10/turn               (no ring)

@: no status effects
A: fangs 1, strong nose, distributed training
a: Renounce Religion


You were in the Ecumenical Temple.
You worshipped Okawaru.
Okawaru was noncommittal.
You visited 2 branches of the dungeon, and saw 3 of its levels.

Inventory:

Hand Weapons
 a - a +0 short sword (weapon)
Armour
 b - a +0 leather armour (worn)
Wands
 g - a wand of digging (3)
Scrolls
 c - a scroll of fog
 d - 2 scrolls of magic mapping
 e - a scroll of fear
Potions
 f - a potion of haste


   Skills:
 + Level 6.7 Fighting
 + Level 4.8 Short Blades
 + Level 1.6 Long Blades
 + Level 1.6 Axes
 + Level 1.6 Maces & Flails
 + Level 1.6 Polearms
 + Level 1.6 Staves
 + Level 1.6 Slings
 + Level 1.6 Bows
 + Level 1.6 Crossbows
 + Level 1.6 Throwing
 + Level 1.6 Armour
 + Level 4.8 Dodging
 + Level 9.7 Stealth
 + Level 1.6 Shields
 + Level 1.6 Unarmed Combat
 + Level 1.6 Spellcasting
 + Level 1.3 Conjurations
 + Level 1.3 Hexes
 + Level 1.3 Summonings
 + Level 1.3 Necromancy
 + Level 1.3 Translocations
 + Level 1.3 Transmutations
 + Level 1.3 Fire Magic
 + Level 1.3 Ice Magic
 + Level 1.3 Air Magic
 + Level 1.3 Earth Magic
 + Level 1.3 Poison Magic
 + Level 1.9 Invocations
 + Level 1.6 Evocations


You had 7 spell levels left.
You didn't know any spells.
Your spell library was empty.

Dungeon Overview and Level Annotations

Branches:
Dungeon (5/15)             Temple (1/1) D:5

Altars:
Ashenzari
Cheibriados
Dithmenos
Fedhas
Gozag
Hepliaklqana
Kikubaaqudgha
Makhleb
Nemelex Xobeh
Okawaru
Qazlal
Ru
Sif Muna
Trog
Uskayaw
Vehumet
Wu Jian
Xom
Yredelemnul
Zin
The Shining One

Shops:
D:4 =


Innate Abilities, Weirdness & Mutations

You have very sharp teeth.
Your uncanny sense of smell can sniff out nearby items.
Your experience applies equally to all skills.


Message History

You hear some strange, mumbled words.
A magic dart appears from out of thin air!
The magic dart hits you! The orc barely misses you. Something hits you.
You climb downwards.
Welcome back to the Ecumenical Temple!
Reactivating autopickup.
There is a staircase back to the Dungeon here.
Unknown command.
You completely miss the orc.
The orc is almost dead.
The orc drinks a potion.
The orc is healed!
Something hits you but does no damage.
Deactivating autopickup; reactivate with Ctrl-A.
You hit the orc.
The orc is moderately wounded.
The orc misses you. Something hits you but does no damage.
You hit the orc.
You kill the orc!
Okawaru accepts your kill. Something hits you. Something completely misses you.
Things that are here:
a +0 short sword; a boomerang You barely miss something.
You hear some strange, mumbled words.
A puff of flame appears from out of thin air!
The puff of flame hits you!
* * * LOW HITPOINT WARNING * * *
You hit something. You hit something. Something hits you.
* * * LOW HITPOINT WARNING * * *
You hit something but do no damage. Your punch misses something.
Something hits you.
* * * LOW HITPOINT WARNING * * *
Unknown command.
You barely miss something. Your bite misses something. Something hits you.
* * * LOW HITPOINT WARNING * * *
You miss something. Something hits you but does no damage.
You closely miss something. Something hits you.
You die...

..###
###..#..###
###..#..###
### .##
##...##
##...## #
..###
###..#..###
###..#..###
### #...#
#...###...#
#...###...#
#.. ###.#
#.### ###.#
#.### ###.#
#.# #
#.###.#
#.###.#
#.###.#
#..#..#
#..#..#
#..#..#
##...##
##{..##
##...##
##.## #@<.#
##.##
##...##
##.?.##
##...## #
#..#..#
#..#..#
#..#..#
###.###.###
###.###.###
###.###.#
#...#
#...###...#
#...###...#
#.. ..###
###..#..###
###..#..###
### .##
##...##
##...## #
..###
###..#..###
###..#..###
### #...#
#...###...#
#...###...#
#..


There were no monsters in sight!

Vanquished Creatures
  An ogre (D:4)
  A jelly (D:4)
  A hound (D:4)
  An iguana (D:4)
  2 adders
  7 orcs
  A ball python (D:4)
  A kobold (D:4)
15 creatures vanquished.

Vanquished Creatures (others)
  4 plants (D:4)
4 creatures vanquished.

Grand Total: 19 creatures vanquished

Notes
Turn   | Place    | Note
-------+----------+-------------------------------------------
     0 | D:5      | Reached skill level 9 in Stealth
     0 | D:5      | DocClef the Gnoll Delver began the quest for the Orb.
     0 | D:5      | Reached XP level 1. HP: 23/23 MP: 1/1
     1 | D:5      | Noticed a hound
    11 | D:4      | Found Ziarir's Jewellery Emporium.
    23 | D:4      | Noticed an ogre
    30 | D:4      | Killed an ogre
    31 | D:4      | Reached skill level 1 in Long Blades
    31 | D:4      | Reached skill level 1 in Axes
    31 | D:4      | Reached skill level 1 in Maces & Flails
    31 | D:4      | Reached skill level 1 in Polearms
    31 | D:4      | Reached skill level 1 in Staves
    31 | D:4      | Reached skill level 1 in Slings
    31 | D:4      | Reached skill level 1 in Bows
    31 | D:4      | Reached skill level 1 in Crossbows
    31 | D:4      | Reached skill level 1 in Throwing
    31 | D:4      | Reached skill level 1 in Armour
    31 | D:4      | Reached skill level 1 in Shields
    31 | D:4      | Reached skill level 1 in Unarmed Combat
    31 | D:4      | Reached skill level 1 in Spellcasting
    31 | D:4      | Reached skill level 1 in Invocations
    31 | D:4      | Reached skill level 1 in Evocations
    31 | D:4      | Reached XP level 2. HP: 29/29 MP: 1/3
    31 | D:4      | Reached XP level 3. HP: 35/35 MP: 1/4
    31 | D:4      | Reached XP level 4. HP: 41/41 MP: 1/5
    40 | D:4      | Reached skill level 1 in Conjurations
    40 | D:4      | Reached skill level 1 in Hexes
    40 | D:4      | Reached skill level 1 in Summonings
    40 | D:4      | Reached skill level 1 in Necromancy
    40 | D:4      | Reached skill level 1 in Translocations
    40 | D:4      | Reached skill level 1 in Transmutations
    40 | D:4      | Reached skill level 1 in Fire Magic
    40 | D:4      | Reached skill level 1 in Ice Magic
    40 | D:4      | Reached skill level 1 in Air Magic
    40 | D:4      | Reached skill level 1 in Earth Magic
    40 | D:4      | Reached skill level 1 in Poison Magic
    40 | D:4      | Reached XP level 5. HP: 39/47 MP: 1/6
   171 | D:4      | HP: 2/47 [iguana (7)]
   663 | D:5      | Found a staircase to the Ecumenical Temple.
   684 | Temple   | Entered the Ecumenical Temple
   995 | Temple   | Became a worshipper of Warmaster Okawaru
  1075 | Temple   | Slain by an orc wizard

Illustrated notes

Levels and vault maps discovered:
D:4:      layout_loops_ring, mainiacjoe_overflow_boulevard,
          ebering_ghost_disaster_area, serial_shops, shop, shop_fountains,
          nicolae_shop_behind_doors, uniq_crazy_yiuf_cottage, uniq_menkaure
D:5:      layout_rooms, minmay_temple_entry_stoned_glass, uniq_grinder,
          uniq_sigmund, uniq_duvessa, uniq_eustachio
Temple:   roderic_octagonal_lattice_temple

Skill      XL: |  1  2  3  4 |
---------------+-------------+-----
Stealth        | |  9.7
Long Blades    | 1 |  1.6
Axes           | 1 |  1.6
Maces & Flails | 1 |  1.6
Polearms       | 1 |  1.6
Staves         | 1 |  1.6
Slings         | 1 |  1.6
Bows           | 1 |  1.6
Crossbows      | 1 |  1.6
Throwing       | 1 |  1.6
Armour         | 1 |  1.6
Shields        | 1 |  1.6
Unarmed Combat | 1 |  1.6
Spellcasting   | 1 |  1.6
Invocations    | 1 |  1.9
Evocations     | 1 |  1.6
Conjurations   | 1 |  1.3
Hexes          | 1 |  1.3
Summonings     | 1 |  1.3
Necromancy     | 1 |  1.3
Translocations | 1 |  1.3
Transmutations | 1 |  1.3
Fire Magic     | 1 |  1.3
Ice Magic      | 1 |  1.3
Air Magic      | 1 |  1.3
Earth Magic    | 1 |  1.3
Poison Magic   | 1 |  1.3
Fighting       | |  6.7
Short Blades   | |  4.8
Dodging        | |  4.8

Action                   |  1- 3 |  4- 6 || total
-------------------------+-------+-------++-------
Melee: Short sword       |     2 |    94 ||    96
       Punch             |       |     3 ||     3
       Bite              |       |    14 ||    14
 Stab: Sleeping          |     2 |     1 ||     3
Armor: Leather armour    |       |    20 ||    20
Dodge: Dodged            |       |    70 ||    70

Table legend: (Time is in decaauts)
 A = Elapsed time spent in this place.
 B = Non-inter-level travel time spent in this place.
 C = Inter-level travel time spent in this place.
 D = Time resting spent in this place.
 E = Time spent auto-exploring this place.
 F = Levels seen in this place.
 G = Mean time per level.
                   A        B        C        D        E       F      G
               +--------+--------+--------+--------+--------+-----+--------+
         Total |   1064 |   1014 |     50 |    370 |    431 |   3 |  354.7 |
       Dungeon |    719 |    719 |      0 |    370 |    177 |   2 |  359.5 |
        Temple |    344 |    294 |     50 |      0 |    254 |   1 |  344.0 |
               +--------+--------+--------+--------+--------+-----+--------+

Top non-repeatable levels by time:
     D:4: 453 daAuts
  Temple: 344 daAuts
     D:5: 266 daAuts
